 Dungeon Crawl Stone Soup version 0.22-a0-785-g6253c82ace (webtiles) character file.

358 Holzbalken the Magician (level 6, 0/30 HPs)
             Began as a Spriggan Warper on July 20, 2018.
             Slain by an orc (3 damage)
             ... on level 4 of the Dungeon.
             The game lasted 00:16:50 (4339 turns).

Holzbalken the Magician (Spriggan Warper)           Turns: 4339, Time: 00:16:51

Health: 0/30       AC:  2    Str:  7    XL:     6   Next: 37%
Magic:  7/16       EV: 20    Int: 14    God:
Gold:   190        SH:  0    Dex: 18    Spells: 13/17 levels left

rFire    + . .     SeeInvis +   h - +2 short sword (distort)
rCold    . . .     Gourm    .   (shield restricted)
rNeg     . . .     Faith    .   b - +0 robe
rPois    .         Spirit   .   (helmet restricted)
rElec    .         Reflect  .   (no cloak)
rCorr    .         Harm     .   (gloves unavailable)
MR       +....                  (boots unavailable)
Stlth    ++........             (no amulet)
HPRegen  0.10/turn              i - ring of protection from fire
MPRegen  0.15/turn              o - +1 ring of evasion

@: slowed, drained, quick
A: very small, unfitting armour, see invisible, herbivore, speed 3, slow
metabolism 2
a: no special abilities


You were on level 4 of the Dungeon.
You were not hungry.

You visited 1 branch of the dungeon, and saw 4 of its levels.
You also visited: Sewer.

You collected 190 gold pieces.

Inventory:

Hand Weapons
 h - a +2 short sword of distortion (weapon)
Missiles
 e - 5 tomahawks of dispersal (quivered)
Armour
 b - a +0 robe (worn)
Jewellery
 i - a ring of protection from fire (left hand)
 o - a +1 ring of evasion (right hand)
Wands
 l - a wand of random effects (34)
 y - a wand of scattershot (4)
Scrolls
 c - 6 scrolls of identify {unknown}
 d - a scroll of blinking
 k - 3 scrolls of teleportation {unknown}
 m - a scroll of remove curse {unknown}
 n - a scroll of amnesia {unknown}
 q - a scroll of magic mapping {unknown}
 r - a scroll of fog {unknown}
 u - 2 scrolls of enchant armour {unknown}
 x - a scroll of immolation {unknown}
Potions
 g - a potion of resistance {unknown}
 j - 2 potions of curing {unknown}
 p - a potion of haste {unknown}
 s - 2 potions of magic {unknown}
 t - 2 potions of heal wounds {unknown}
 v - a potion of might {unknown}
 w - a potion of lignification {unknown}
Comestibles
 f - 4 rations


   Skills:
 - Level 1.5(0.8) Fighting
 + Level 4.3(3.5) Short Blades
 - Level 1.0(0.3) Throwing
 + Level 4.0(3.3) Dodging
 - Level 6.1(5.3) Spellcasting
 * Level 2.4(1.7) Charms
 * Level 5.2(4.4) Translocations


You had 13 spell levels left.
You knew the following spells:

 Your Spells              Type           Power        Failure   Level  Hunger
a - Blink                 Tloc           N/A          4%          2    ##.....
b - Shroud of Golubria    Chrm/Tloc      ##........   7%          2    ##.....

Your spell library contained the following spells:

 Spells                   Type           Power        Failure   Level  Hunger
 Teleport Other           Tloc           ###.....     9%          3    ###....
 Passage of Golubria      Tloc           N/A          26%         4    ####...
 Gell's Gravitas          Tloc           ###.......   9%          3    ###....
 Lesser Beckoning         Tloc           ###.......   9%          3    ###....


Dungeon Overview and Level Annotations

Branches:
Dungeon (4/15)
 Temple: D:4-7

Altars:
Nemelex Xobeh
Wu Jian

Annotations:
D:2 Natasha


Innate Abilities, Weirdness & Mutations

You are very small and have problems with some larger weapons.
You are too small for most types of armour.
You have supernaturally acute eyesight. (SInv)
You are a herbivore.
You cover ground extremely quickly.
You need to consume almost no food.


Message History

* * * LOW HITPOINT WARNING * * *
The orc misses you.
Casting: Shroud of Golubria (safe; 7% risk of failure)
Confirm with . or Enter, or press ? or * to list all spells.
You blink.
The orc wizard misses you.
The orc wizard points at you and mumbles some strange words.
You feel yourself slow down.
Casting: Blink (safe; 4% risk of failure)
Confirm with . or Enter, or press ? or * to list all spells.
You blink.
Casting: Blink (safe; 4% risk of failure)
Confirm with . or Enter, or press ? or * to list all spells.
You blink.
The orc wizard barely misses you.
The orc wizard points at you and mumbles some strange words.
The magic dart hits you!
* * * LOW HITPOINT WARNING * * *
Casting: Blink (safe; 4% risk of failure)
Confirm with . or Enter, or press ? or * to list all spells.
You blink.
The orc hits you.
You die...

#### . #..## ....#####..##
.. ............## ...
.........ยง...#########....
...........o@o.o...)......
.............o....?..#
...................###
##############....##
##...### ##..## ##......##
#.## ##........# #.#
##.........## #.### .
##...........####...##..


You could see an orc wizard and 3 orcs.

Vanquished Creatures
  2 orc priests
  Natasha (D:2)
  2 orc wizards (D:4)
  A worker ant (D:4)
  An adder (Sewer)
  3 river rats (Sewer)
  An ooze (D:2)
  3 worms
  4 leopard geckos
  6 orcs
  3 ball pythons
  8 giant cockroaches
  5 goblins
  7 hobgoblins
  9 jackals
  11 kobolds
  A quokka (D:2)
  6 bats
  12 frilled lizards
  15 rats
  3 bushes (D:2)
  A plant (D:2)
105 creatures vanquished.

Vanquished Creatures (others)
  An orc wizard (D:4)
  A worker ant (D:4)
  A river rat (Sewer)
  3 leopard geckos
  A plant (D:2)
7 creatures vanquished.

Grand Total: 112 creatures vanquished

Notes
Turn   | Place    | Note
-------+----------+-------------------------------------------
     0 | D:1      | Holzbalken the Spriggan Warper began the quest for the Orb.
     0 | D:1      | Reached XP level 1. HP: 10/10 MP: 5/5
   140 | D:1      | Reached skill level 3 in Spellcasting
   209 | D:1      | Reached XP level 2. HP: 12/14 MP: 7/7
  1050 | D:2      | Reached skill level 4 in Spellcasting
  1050 | D:2      | Reached XP level 3. HP: 18/18 MP: 7/9
  1075 | D:2      | Noticed Natasha
  1121 | D:2      | Killed Natasha
  1418 | D:2      | Reached XP level 4. HP: 17/22 MP: 11/11
  1517 | D:2      | Noticed Terence
  1573 | D:2      | Noticed Natasha
  2120 | D:3      | Reached skill level 5 in Spellcasting
  2201 | D:3      | Found a glowing drain.
  2228 | Sewer    | Entered a sewer
  2578 | Sewer    | Reached XP level 5. HP: 15/25 MP: 14/14
  2956 | D:3      | Learned a level 2 spell: Blink
  2959 | D:3      | Learned a level 2 spell: Shroud of Golubria
  2962 | D:3      | Found a faded altar of an unknown god.
  2991 | D:3      | Found an ornate altar of the Wu Jian Council.
  3396 | D:3      | Reached skill level 6 in Spellcasting
  3590 | D:3      | Noticed a sky beast
  3994 | D:4      | Found a sparkling altar of Nemelex Xobeh.
  4042 | D:4      | Reached skill level 1 in Charms
  4060 | D:4      | Reached XP level 6. HP: 14/30 MP: 11/16
  4077 | D:4      | Reached skill level 5 in Translocations
  4339 | D:4      | Slain by an orc

Vault maps used:
D:1:      dpeg_arrival_more_subterranean_lakeside_camping
D:2:      nicolae_overflow_hidden_temple, lexackson_kobold_supper, uniq_natasha,
          uniq_terence
D:3:      nicolae_overflow_crystal_walls, chequers_ecumenical_altar_island,
          gup_sewer_entry_pipe
D:4:      lemuel_doored_altar, first_ration, hex_tiny
Sewer:    sewer_co_cracked_pipes

Skill      XL: |  1  2  3  4  5  6 |
---------------+-------------------+-----
Spellcasting   | 3 4 5 6 |  6.1
Short Blades   | 3 4 |  4.3
Charms         | 1 2 |  2.4
Translocations | 5 |  5.2
Dodging        | 4 |  4.0
Fighting       | |  1.5
Throwing       | |  1.0

Action                   |  1- 3 |  4- 6 || total
-------------------------+-------+-------++-------
Melee: Short sword       |    75 |   292 ||   367
 Cast: Blink             |       |     5 ||     5
       Shroud of Golubri |       |     1 ||     1
 Stab: Sleeping          |     1 |     3 ||     4
       Distracted        |     1 |       ||     1
  Eat: Ration            |       |     1 ||     1
Armor: Robe              |     4 |    11 ||    15
Dodge: Dodged            |    55 |   160 ||   215

Table legend:
 A = Spawn XP
 B = Non-spawn XP
 C = Spawn XP percentage of total XP
 D = Spawn monster count
 E = Non-spawn monster count
 F = Spawn count percentage of total count
 G = Total turns spent on level
                    A         B        C        D         E        F      G
               +---------+---------+-------+---------+---------+-------+---------
         Total |       0 |     512 |   0.0 |       0 |     107 |   0.0 |  4339
               +---------+---------+-------+---------+---------+-------+---------
           D:1 |       0 |      20 |   0.0 |       0 |      12 |   0.0 |   905
           D:2 |       0 |      95 |   0.0 |       0 |      31 |   0.0 |  1087
           D:3 |       0 |     107 |   0.0 |       0 |      33 |   0.0 |  1195
           D:4 |       0 |     212 |   0.0 |       0 |      11 |   0.0 |   461
         Sewer |       0 |      78 |   0.0 |       0 |      20 |   0.0 |   691
               +---------+---------+-------+---------+---------+-------+---------
